 Dungeon Crawl Stone Soup version 0.26-a0-651-gb41185065b (webtiles) character file.

Game seed: 3329513782933957838

17794 Flugslaktarn the Cleaver (level 12, -35/116 HPs)
             Began as a Deep Dwarf Fighter on Oct 20, 2020.
             Was a High Priest of Makhleb.
             Annihilated by a titanic slime creature (52 damage)
             ... on level 12 of the Dungeon.
             The game lasted 00:05:46 (7333 turns).

Flugslaktarn the Cleaver (Deep Dwarf Fighter)       Turns: 7333, Time: 00:05:46

Health: -35/116    AC: 26    Str: 22    XL:     12   Next: 22%
Magic:  12/12      EV:  8    Int:  8    God:    Makhleb [*****.]
Gold:   311        SH: 10    Dex: 16    Spells: 11/11 levels left

rFire    + . .     SeeInvis .   y - +2 war axe (elec)
rCold    + . .     Faith    .   c - +0 kite shield
rNeg     + . .     Spirit   .   s - +0 plate armour
rPois    .         Reflect  .   u - +1 helmet
rElec    .         Harm     .   k - scarf {rC+ rF+}
rCorr    .         Rampage  .   b - +2 pair of gloves
MR       +....                  o - +1 pair of boots
Stlth    ..........             (no amulet)
HPRegen  0.00/turn              p - +4 ring of protection
MPRegen  0.13/turn              a - ring of positive energy

@: non-regenerating
A: damage resistance, heal wounds, sense surroundings 2, no regeneration
a: Heal Wounds, Minor Destruction, Lesser Servant of Makhleb, Major Destruction,
Greater Servant of Makhleb, Renounce Religion


You were on level 12 of the Dungeon.
You worshipped Makhleb.
Makhleb was extremely pleased with you.
You visited 2 branches of the dungeon, and saw 13 of its levels.
You also visited: Ossuary.

You collected 887 gold pieces.
You spent 576 gold pieces at shops.

Inventory:

Hand Weapons
 y - a +2 war axe of electrocution (weapon)
   (You took it off an orc on level 7 of the Dungeon)
Armour
 b - a +2 pair of gloves (worn)
   (You found it on level 9 of the Dungeon)
 c - a +0 kite shield (worn)
 k - a scarf of resistance (worn)
   (You found it on level 10 of the Dungeon)
 o - a +1 pair of boots (worn)
   (You found it on level 6 of the Dungeon)
 s - a +0 plate armour (worn)
   (You found it on level 3 of the Dungeon)
 u - a +1 helmet (worn)
   (You found it on level 4 of the Dungeon)
Jewellery
 a - a ring of positive energy (right hand)
   (You found it on level 10 of the Dungeon)
 p - a +4 ring of protection (left hand)
   (You bought it in a shop on level 11 of the Dungeon)
Wands
 g - a wand of digging (7)
   (You found it on level 8 of the Dungeon)
 i - a wand of iceblast (3)
   (You found it on level 5 of the Dungeon)
 A - a wand of acid (4)
   (You took it off an orc on level 10 of the Dungeon)
 E - a wand of paralysis (4)
   (You found it on level 11 of the Dungeon)
Scrolls
 j - a scroll of fog
 l - 6 scrolls of magic mapping
 r - 3 scrolls of identify
 t - 5 scrolls of teleportation
 v - 2 scrolls of enchant weapon
 x - 7 scrolls of remove curse
 z - a scroll of blinking
 F - a scroll of silence {unknown}
Potions
 d - 7 potions of might
 e - 3 potions of mutation
 f - 2 potions of invisibility
 h - 2 potions of haste
 m - 2 potions of lignification
 n - 3 potions of berserk rage
 q - 5 potions of curing
 w - 3 potions of heal wounds {unknown}
 B - a potion of ambrosia {unknown}
 C - a potion of degeneration {unknown}
 D - 9 potions of flight


   Skills:
 * Level 10.2 Fighting
 * Level 11.7 Axes
 + Level 8.8 Armour
 + Level 7.5 Dodging
 - Level 3.2 Shields
 + Level 8.8 Invocations
 + Level 7.9 Evocations


You had 11 spell levels left.
You didn't know any spells.
Your spell library was empty.

Dungeon Overview and Level Annotations

Branches:
Dungeon (12/15)            Temple (1/1) D:4            Lair (0/6) D:10
    Orc (0/2) D:10        Ossuary (visited)

Altars:
Ashenzari
Cheibriados
Dithmenos
Elyvilon
Fedhas
Gozag
Hepliaklqana
Kikubaaqudgha
Makhleb
Nemelex Xobeh
Okawaru
Qazlal
Ru
Sif Muna
Trog
Uskayaw
Vehumet
Wu Jian
Xom
Yredelemnul
Zin
The Shining One

Shops:
D:6 !   D:10 *   D:11 =


Innate Abilities, Weirdness & Mutations

You are resistant to damage.
You can heal yourself by infusing magical energy.
You passively map the area around you.
You do not regenerate.


Message History

You hit the very large slime creature.
The very large slime creature is moderately wounded.
Two slime creatures merge to form an enormous slime creature.
Two slime creatures merge to form a titanic slime creature.
You slash the titanic slime creature!
Lightning courses through the titanic slime creature!
The titanic slime creature is moderately wounded.
The titanic slime creature hits you!!!!
Ouch! That really hurt!
* * * LOW HITPOINT WARNING * * *
You hear a bark!
You are too injured to fight recklessly!
You are too injured to fight recklessly!
You are too injured to fight recklessly!
You are too injured to fight recklessly!
You are too injured to fight recklessly!
You are too injured to fight recklessly!
There is an open door here.
You fail to use your ability.
The titanic slime creature hits you!!!
You die...

...........# #.....#
......####
###.....####,#.....#,*
..... #.....# , #.....*
,< , #.....# #...., * ,,,
, #.....#### ... *,# ,
#........#.##'#+##.# , ,
#........#.........+ , ,
#........#.###J....#, , ,
* #........###.#@#####. ,
*
,.<.....................
, *,
.....#####+#............,
, *# .....*,,
#............ . .....* ,
#............ , . ,.. ,
#.>........## * * # ,
#..........# ,, * * *
#..........# ,, ,
,,...........#


You could see a titanic slime creature.

Vanquished Creatures
  A two-headed ogre (D:11)
  2 ugly things (D:12)
  2 cyclopes
  Joseph (D:7)
  2 gargoyles (D:10)
  A komodo dragon (D:10)
  A tengu conjurer (D:11)
  2 hornets (D:11)
  3 trolls
  9 slime creatures
  4 hippogriffs
  A wraith (Ossuary)
  A wyvern (D:11)
  A shadow (D:11)
  20 yaks
  Menkaure (D:6)
  A water moccasin (D:5)
  5 ice beasts
  4 sky beasts
  A black bear (D:10)
  3 orc warriors
  A hornet zombie (D:11)
  An eye of draining (D:10)
  3 necrophages (D:10)
  8 ogres
  2 phantoms
  6 centaurs
  A crocodile (D:6)
  A big kobold (D:12)
  6 bullfrogs
  A water moccasin zombie (D:10)
  A wyvern zombie (D:10)
  3 scorpions
  12 killer bees
  8 wights
  3 bullfrog zombies
  3 centaur zombies
  4 hounds
  8 orc priests
  6 jellies
  3 bullfrog skeletons
  An iguana (D:9)
  9 orc wizards
  8 worker ants
  A hound zombie (D:9)
  3 hound skeletons
  3 mummies (Ossuary)
  A howler monkey zombie (D:10)
  2 worker ant zombies
  18 adders
  7 gnolls
  2 shadow imps
  2 white imps
  3 ufetubi
  2 worms
  2 dart slugs (D:2)
  9 leopard geckos
  59 orcs
  4 ball pythons
  4 bats
  2 bat zombies (D:4)
  4 giant cockroaches
  9 goblins
  5 hobgoblins
  2 jackals (D:7)
  6 kobolds
  A quokka (D:9)
  5 frilled lizards
  A giant cockroach zombie (D:5)
  5 goblin zombies (Ossuary)
  2 hobgoblin zombies (Ossuary)
  2 kobold zombies (Ossuary)
  2 leopard gecko zombies
  7 rats
  2 rat zombies (D:4)
342 creatures vanquished.

Vanquished Creatures (collateral kills)
  A hydra (D:11)
  A two-headed ogre (D:11)
  A hornet zombie (D:11)
  A wight (D:11)
4 creatures vanquished.

Vanquished Creatures (others)
  An orc (D:10)
  7 plants (D:10)
  A withered plant (D:10)
9 creatures vanquished.

Grand Total: 355 creatures vanquished

Notes
Turn   | Place    | Note
-------+----------+-------------------------------------------
     0 | D:1      | Flugslaktarn the Deep Dwarf Fighter began the quest for the
                  | Orb.
     0 | D:1      | Reached XP level 1. HP: 20/20 MP: 1/1
    63 | D:1      | Reached XP level 2. HP: 25/27 MP: 2/2
   288 | D:2      | Reached skill level 3 in Axes
   289 | D:2      | Reached XP level 3. HP: 31/34 MP: 3/3
   348 | D:2      | Reached XP level 4. HP: 18/42 MP: 4/4
   459 | D:2      | Noticed a phantom
   497 | D:2      | Killed a phantom
   497 | D:2      | Reached skill level 4 in Axes
   497 | D:2      | Reached XP level 5. HP: 25/50 MP: 5/5
   909 | D:4      | Noticed a phantom
   949 | D:4      | Killed a phantom
   949 | D:4      | Reached XP level 6. HP: 30/58 MP: 6/6
  1000 | D:4      | Found an iron altar of Okawaru.
  1027 | D:4      | Reached skill level 5 in Axes
  1236 | D:4      | Found an ancient bone altar of Kikubaaqudgha.
  1521 | D:4      | Found a staircase to the Ecumenical Temple.
  1535 | Temple   | Entered the Ecumenical Temple
  1599 | Temple   | Became a worshipper of Makhleb the Destroyer
  1798 | D:5      | Entered Level 5 of the Dungeon
  1805 | D:5      | Noticed a water moccasin
  1813 | D:5      | Killed a water moccasin
  1813 | D:5      | Reached skill level 5 in Fighting
  1813 | D:5      | Reached skill level 1 in Invocations
  1813 | D:5      | Reached XP level 7. HP: 52/67 MP: 7/7
  1926 | D:5      | Reached skill level 5 in Armour
  1926 | D:5      | Reached skill level 1 in Dodging
  1997 | D:5      | Reached skill level 6 in Axes
  2272 | D:5      | Found a shimmering blue altar of Sif Muna.
  2439 | D:5      | Reached XP level 8. HP: 36/76 MP: 8/10
  2554 | D:6      | Found Jih Neq's Distillery.
  2772 | D:6      | Noticed Menkaure
  2790 | D:6      | Killed Menkaure
  2790 | D:6      | Reached skill level 7 in Axes
  2966 | D:7      | Found a white marble altar of Elyvilon.
  3001 | D:7      | Reached * piety under Makhleb
  3020 | D:7      | Noticed Joseph
  3145 | D:7      | Killed Joseph
  3145 | D:7      | Reached skill level 1 in Evocations
  3145 | D:7      | Gained mutation: You passively map the area around you.
                  | [Deep Dwarf growth]
  3145 | D:7      | Reached XP level 9. HP: 52/85 MP: 9/9
  3231 | D:7      | Found an opulent altar of Gozag.
  3291 | D:7      | Reached skill level 8 in Axes
  3674 | D:8      | Reached skill level 5 in Invocations
  3756 | D:8      | Found a sand-covered staircase.
  3808 | Ossuary  | Entered an ossuary
  3848 | Ossuary  | Reached ** piety under Makhleb
  4586 | D:9      | Found a sacrificial altar of Ru.
  4634 | D:9      | Found a white marble altar of Elyvilon.
  4765 | D:9      | Found a snail-covered altar of Cheibriados.
  4801 | D:9      | Reached skill level 9 in Axes
  4820 | D:9      | Reached XP level 10. HP: 54/96 MP: 10/10
  5069 | D:9      | Reached skill level 5 in Dodging
  5285 | D:10     | Entered Level 10 of the Dungeon
  5299 | D:10     | Noticed a cyclops
  5312 | D:10     | Killed a cyclops
  5316 | D:10     | Reached *** piety under Makhleb
  5323 | D:10     | Reached skill level 5 in Evocations
  5419 | D:10     | Found a staircase to the Lair.
  5423 | D:10     | Noticed a gargoyle
  5448 | D:10     | Killed a gargoyle
  5448 | D:10     | Reached skill level 10 in Axes
  5748 | D:10     | Found Bioqy's General Store.
  5775 | D:10     | Reached XP level 11. HP: 104/104 MP: 11/11
  5859 | D:10     | Reached **** piety under Makhleb
  5892 | D:10     | Found a staircase to the Orcish Mines.
  6443 | D:11     | Found Ivaoledd's Jewellery Shop.
  6452 | D:11     | Bought a +4 ring of protection for 576 gold pieces
  6519 | D:11     | Noticed an eight-headed hydra
  6519 | D:11     | Noticed a two-headed ogre
  6531 | D:11     | Killed an 11-headed hydra
  6534 | D:11     | Killed a two-headed ogre
  6646 | D:11     | Reached skill level 11 in Axes
  6744 | D:11     | Noticed a two-headed ogre
  6754 | D:11     | Killed a two-headed ogre
  6819 | D:11     | Reached ***** piety under Makhleb
  7098 | D:12     | Reached XP level 12. HP: 116/116 MP: 12/12
  7104 | D:12     | Reached skill level 10 in Fighting
  7333 | D:12     | Annihilated by a titanic slime creature

Illustrated notes

Levels and vault maps discovered:
D:1:      minmay_arrival_three_doors, layout_rooms
D:2:      layout_rooms
D:3:      layout_basic, minmay_fountain_box
D:4:      layout_cave_pods, okawaru_metal_pillars_3,
          lemuel_zombie_altar_kikubaaqudgha, minmay_temple_entry_proselytizer,
          abandoned_shop
D:5:      layout_basic, led_sif_pool, minmay_puff
D:6:      layout_rooms, serial_shops, shop, chequers_mini_garden, uniq_menkaure
D:7:      layout_basic, nicolae_gozag_cash_rules_everything_around_me,
          overflow_temple_1_default, uniq_joseph
D:8:      layout_loops_cross, enter_ossuary_1
D:9:      layout_loops_ring, lemuel_doored_altar, basic_altar,
          cheibrodos_worm_habitat
D:10:     layout_basic, david_lair_shrubbed, hiddenorc2_lemuel, serial_undead,
          serial_undead_c, serial_undead_c, serial_undead_f, serial_undead_a,
          serial_shops, shop_statue
D:11:     layout_gridville, serial_shops, shop_statue
D:12:     layout_irregular_city
Temple:   nicolae_temple_x_marks_the_god

Skill      XL: |  1  2  3  4  5  6  7  8  9 10 11 12 |
---------------+-------------------------------------+-----
Fighting       | 3 4 5 6 7 8 9 10 | 10.2
Axes           | 3 4 5 6 7 9 10 11 | 11.7
Armour         | 4 5 6 7 8 |  8.8
Invocations    | 1 2 4 5 7 8 |  8.8
Dodging        | 2 3 4 6 7 |  7.5
Evocations     | 1 3 5 7 |  7.9
Shields        | |  3.2

Action                   |  1- 3 |  4- 6 |  7- 9 | 10-12 || total
-------------------------+-------+-------+-------+-------++-------
Melee: War axe           |    63 |   149 |   310 |   414 ||   936
Invok: Lesser Servant of |       |       |       |     2 ||     2
 Abil: Heal Wounds       |       |     3 |    14 |     6 ||    23
Evoke: Wand              |       |       |     5 |       ||     5
  Use: Scroll            |       |    11 |     6 |     3 ||    20
       Potion            |       |       |       |     1 ||     1
Armor: Scale mail        |    38 |    29 |       |       ||    67
       Plate armour      |       |    54 |   177 |   276 ||   507
Dodge: Dodged            |    30 |    27 |    65 |   126 ||   248
Block: Kite shield       |    26 |    70 |   155 |   250 ||   501

Table legend: (Time is in decaauts)
 A = Elapsed time spent in this place.
 B = Non-inter-level travel time spent in this place.
 C = Inter-level travel time spent in this place.
 D = Time resting spent in this place.
 E = Time spent auto-exploring this place.
 F = Levels seen in this place.
 G = Mean time per level.
                   A        B        C        D        E       F      G
               +--------+--------+--------+--------+--------+-----+--------+
         Total |   7505 |   7151 |    354 |      0 |   5124 |  14 |  536.1 |
       Dungeon |   7044 |   6714 |    330 |      0 |   4778 |  12 |  587.0 |
        Temple |     74 |     50 |     24 |      0 |     48 |   1 |   74.0 |
       Ossuary |    386 |    386 |      0 |      0 |    297 |   1 |  386.0 |
               +--------+--------+--------+--------+--------+-----+--------+

Top non-repeatable levels by time:
    D:10: 1124 daAuts
     D:4: 877 daAuts
     D:5: 773 daAuts
     D:9: 709 daAuts
     D:8: 691 daAuts
    D:11: 662 daAuts
     D:7: 576 daAuts
     D:6: 425 daAuts
 Ossuary: 386 daAuts
     D:3: 355 daAuts
     D:1: 298 daAuts
    D:12: 278 daAuts
     D:2: 270 daAuts
  Temple: 74 daAuts
